 Dungeon Crawl Stone Soup version 0.29.1-15-g9cfb28693d (webtiles) character file.

Game seed: 10000391794529649108

938 kingofthe the Sneak (level 8, 0/41 HPs)
             Began as a Kobold Enchanter on Mar 12, 2023.
             Was an Initiate of Dithmenos.
             Killed by nerve-wracking pain
             ... invoked by Grinder
              (13 damage)
             ... on level 6 of the Dungeon.
             The game lasted 00:21:01 (7531 turns).

kingofthe the Sneak (Kobold Enchanter)              Turns: 7531, Time: 00:21:02

Health: 0/41       AC:  5    Str:  5    XL:     8   Next: 34%
Magic:  8/13       EV: 16    Int: 17    God:    Dithmenos [......]
Gold:   154        SH:  0    Dex: 17    Spells: 10/14 levels left

rFire   . . .      SeeInvis +   o - +2 dagger (venom)
rCold   + . .      Faith    .   (no shield)
rNeg    . . .      Spirit   .   B - +0 leather armour
rPois   .          Reflect  .   n - +0 helmet
rElec   .          Harm     .   (no cloak)
rCorr   .          Rampage  .   (no gloves)
Will    .....                   t - +0 pair of boots
Stlth   +++++.....              (no amulet)
HPRegen 0.13/turn               C - ring of protection from cold
MPRegen 0.13/turn               v - ring of see invisible

@: on blink cooldown
A: small, no large weapons, nightstalker 3
a: Renounce Religion


You were on level 6 of the Dungeon.
You worshipped Dithmenos.
Dithmenos was noncommittal.
You visited 2 branches of the dungeon, and saw 7 of its levels.

You collected 262 gold pieces.
You spent 108 gold pieces at shops.


Innate Abilities, Weirdness & Mutations

You are small and have problems with some larger weapons.
You are completely attuned to the shadows.


   Skills:
 - Level 3.0 Short Blades
 * Level 5.7 Dodging
 * Level 7.8 Stealth
 + Level 3.8 Spellcasting
 + Level 4.2 Hexes
 * Level 3.7 Translocations


You had 10 spell levels left.
You knew the following spells:

 Your Spells              Type           Power      Damage    Failure   Level
a - Ensorcelled Hibernat  Hex/Ice        20%        N/A       17%         2
b - Blink                 Tloc           32%        N/A       9%          2

Your spell library contained the following spells:

 Spells                   Type           Power      Damage    Failure   Level
 Confusing Touch          Hex            17%        N/A       14%         3
 Tukima's Dance           Hex            17%        N/A       14%         3
 Lesser Beckoning         Tloc           16%        N/A       17%         3
 Shock                    Conj/Air       12%        1d3       26%         1
 Dazzling Flash           Conj/Hex       20%        N/A       32%         3
 Poisonous Vapours        Pois/Air       6%         N/A       38%         2
 Swiftness                Air            3%         N/A       63%         3
 Manifold Assault         Tloc           16%        N/A       85%         5
 Airstrike                Air            1%         2d(1-17)  95%         4
 Corpse Rot               Necr/Pois/Air  3%         N/A       95%         4

Inventory:

Hand Weapons
 o - a +2 dagger of venom (weapon)
 A - a +4 trident
Missiles
 l - 6 atropa-tipped darts (quivered)
Armour
 n - a +0 helmet (worn)
 t - a +0 pair of boots (worn)
 B - a +0 leather armour (worn)
Magical Staves
 a - a staff of death {!a}
 u - a staff of poison {!a}
Jewellery
 v - a ring of see invisible (right hand)
 C - a ring of protection from cold (left hand)
Wands
 q - a wand of iceblast (9)
Scrolls
 f - a scroll of acquirement {unknown}
 h - a scroll of magic mapping {unknown}
 i - 2 scrolls of vulnerability
 j - 2 scrolls of noise {unknown}
 m - a scroll of summoning {unknown}
 s - 3 scrolls of enchant armour
 w - a scroll of amnesia {unknown}
 y - a scroll of poison {unknown}
Potions
 b - 2 potions of resistance {unknown}
 c - a potion of invisibility
 d - 2 potions of brilliance
 e - 3 potions of berserk rage {!q}
 g - 3 potions of flight
 k - 2 potions of haste {@q3}
 p - a potion of heal wounds {@q2}
 r - a potion of curing {@q1}
 x - a potion of might {unknown}
 z - a potion of magic {unknown}

Dungeon Overview and Level Annotations

Branches:
Dungeon (6/15)             Temple (1/1) D:5

Altars:
Ashenzari
Cheibriados
Dithmenos
Elyvilon
Fedhas
Gozag
Hepliaklqana
Kikubaaqudgha
Makhleb
Nemelex Xobeh
Okawaru
Qazlal
Ru
Sif Muna
Uskayaw
Vehumet
Wu Jian
Xom
Zin
The Shining One

Shops:
D:4 !*

Annotations:
D:6 Grinder

#######
######.....#
#....<.#.#.#
#####..5[#.....#
.......#.#....##
##.....<...#..#
.###....##......#
........##.@.....
.#.#........#.#.#
...>..####......#
#.#.......#..#. #
#.##.....#.#
#.#.##.....#.#
#....[.....#..
###.##.....####
#..##.....#


You could see Grinder.


Message History

The mass of ice explodes!
The iceblast engulfs Grinder.
Grinder partially resists.
Grinder is heavily wounded.
Grinder gestures at you.
You suddenly lose the ability to move!
Grinder blinks!
Grinder hits you.
You feel stable enough to blink again. Grinder hits you.
You writhe in agony.
* * * LOW HITPOINT WARNING * * *
Grinder hits you.
* * * LOW HITPOINT WARNING * * *
You writhe in agony.
* * * LOW HITPOINT WARNING * * *
You can move again.
Casting: Blink (safe; 9% risk of failure)
Confirm with . or Enter, or press ? or * to list all spells.
You don't know that spell.
Casting: Blink (safe; 9% risk of failure)
Confirm with . or Enter, or press ? or * to list all spells.
You blink.
Aiming: Iceblast
Press: ? - help, Shift-Dir - straight line, f/p - Grinder
Aim: Grinder (translocational energy, heavily wounded)
The mass of ice explodes!
The iceblast engulfs Grinder.
Grinder partially resists.
Grinder is heavily wounded.
Grinder gestures at you. Pain shoots through your body!
You die...

Skill      XL: |  1  2  3  4  5  6  7 |
---------------+----------------------+-----
Short Blades   | 2 3 |  3.0
Dodging        | 3 4 5 |  5.7
Stealth        | 5 6 7 |  7.8
Translocations | 1 2 3 |  3.7
Spellcasting   | 3 |  3.8
Hexes          | 4 |  4.2

Action                   |  1- 3 |  4- 6 |  7- 9 || total
-------------------------+-------+-------+-------++-------
Melee: Dagger            |   111 |   112 |   119 ||   342
       Punch             |     1 |     3 |     1 ||     5
Throw: Dart              |       |    10 |       ||    10
 Cast: Ensorcelled Hiber |     3 |    14 |    17 ||    34
       Blink             |       |       |     4 ||     4
Evoke: Wand              |       |       |     6 ||     6
  Use: Potion            |       |       |     2 ||     2
       Scroll            |       |       |     6 ||     6
 Stab: Sleeping          |    15 |    33 |    21 ||    69
       Invisible         |       |     1 |     3 ||     4
Armor: Robe              |    15 |    16 |    11 ||    42
Dodge: Dodged            |    52 |    46 |    75 ||   173

Levels and vault maps discovered:
D:1:      scummos_arrival_star, layout_loops_ring, basic_ecumenical_altar
D:2:      layout_loops_ring, kennysheep_potato
D:3:      layout_basic, xom_redecorated
D:4:      nicolae_BIG_FREAKIN_CUBE, layout_loops_cross,
          nicolae_gozag_zags_fifth_avenue, serial_shops, nicolae_diamond_shop,
          st_stairs_9
D:5:      layout_basic, nicolae_tso_besieged_by_evil, general_overflow_altar,
          nicolae_qazlal_style_of_elements, lemuel_round_altar,
          minmay_temple_entry_tees
D:6:      layout_loops_cross, minmay_misc_feat_five, uniq_grinder, uniq_sigmund
Temple:   compressed_dpeg_circular_temple

Notes
Turn   | Place    | Note
-------+----------+-------------------------------------------
     0 | D:1      | kingofthe the Kobold Enchanter began the quest for the Orb.
     0 | D:1      | Reached XP level 1. HP: 10/10 MP: 3/3
   172 | D:1      | Reached XP level 2. HP: 15/15 MP: 5/5
   175 | D:1      | Learned a level 2 spell: Ensorcelled Hibernation
   349 | D:1      | Reached skill level 2 in Short Blades
   679 | D:1      | Reached XP level 3. HP: 19/19 MP: 6/6
   824 | D:1      | Found a faded altar of an unknown god.
  1202 | D:1      | Found a faded altar of an unknown god.
  1924 | D:2      | Reached skill level 3 in Dodging
  2514 | D:2      | Reached skill level 5 in Stealth
  2514 | D:2      | Reached XP level 4. HP: 21/24 MP: 7/7
  3804 | D:3      | Found a shimmering altar of Xom.
  3804 | D:3      | Found a shimmering altar of Xom.
  3919 | D:3      | Reached XP level 5. HP: 28/28 MP: 9/9
  4232 | D:3      | Learned a level 2 spell: Blink
  4337 | D:4      | Reached skill level 3 in Short Blades
  4337 | D:4      | Reached skill level 1 in Translocations
  4443 | D:4      | Found Wugruutu's Distillery.
  4464 | D:4      | Bought a potion of heal wounds for 60 gold pieces
  4464 | D:4      | Bought a potion of degeneration for 12 gold pieces
  4464 | D:4      | Bought a potion of curing for 36 gold pieces
  4711 | D:4      | Reached skill level 3 in Spellcasting
  4711 | D:4      | Reached XP level 6. HP: 32/32 MP: 5/10
  4944 | D:4      | Reached skill level 4 in Dodging
  4944 | D:4      | Reached skill level 6 in Stealth
  5030 | D:4      | Found an opulent altar of Gozag.
  5048 | D:4      | Reached skill level 2 in Translocations
  5301 | D:4      | Reached XP level 7. HP: 36/36 MP: 5/11
  5385 | D:4      | Found Gozag's Platinum Reserve.
  5406 | D:5      | Entered Level 5 of the Dungeon
  5480 | D:5      | Found a glowing golden altar of the Shining One.
  5782 | D:5      | Reached skill level 7 in Stealth
  5869 | D:5      | Noticed a water elemental
  5870 | D:5      | Found a stormy altar of Qazlal.
  5870 | D:5      | Noticed an air elemental
  5873 | D:5      | Noticed a fire elemental
  5975 | D:5      | Reached skill level 4 in Hexes
  6002 | D:5      | Found a staircase to the Ecumenical Temple.
  6013 | D:5      | Reached skill level 5 in Dodging
  6027 | D:5      | Reached skill level 3 in Translocations
  6038 | Temple   | Entered the Ecumenical Temple
  6262 | Temple   | Became a worshipper of Dithmenos the Shadowed
  6492 | D:5      | Reached XP level 8. HP: 41/41 MP: 13/13
  6500 | D:5      | Found a hazy altar of Hepliaklqana.
  7095 | D:5      | Found an iron altar of Okawaru.
  7517 | D:6      | Noticed Grinder
  7525 | D:6      | Paralysed by Grinder for 5 turns
  7531 | D:6      | Killed from afar by Grinder

Vanquished Creatures
  An ice beast (D:5)
  An ogre (D:5)
  A phantom (D:5)
  2 scorpions (D:4)
  A hound (D:5)
  A jelly (D:5)
  3 orc priests
  A gnoll bouda (D:5)
  An iron imp (D:5)
  3 iguanas
  An orc wizard (D:5)
  8 gnolls
  8 adders
  An ufetubus (D:6)
  2 worms
  2 dart slugs (D:2)
  12 orcs
  5 bats
  6 endoplasms
  7 giant cockroaches
  8 goblins
  4 hobgoblins
  6 jackals (D:3)
  2 quokkas
  4 ball pythons
  3 frilled lizards
  3 goblin skeletons (D:5)
  3 hobgoblin zombies (D:5)
  9 kobolds
  2 kobold skeletons (D:5)
  A kobold zombie (D:5)
  8 rats
120 creatures vanquished.

Table legend: (Time is in decaauts)
 A = Elapsed time spent in this place.
 B = Non-inter-level travel time spent in this place.
 C = Inter-level travel time spent in this place.
 D = Time resting spent in this place.
 E = Time spent auto-exploring this place.
 F = Levels seen in this place.
 G = Mean time per level.
                   A        B        C        D        E       F      G
               +--------+--------+--------+--------+--------+-----+--------+
         Total |   7489 |   7235 |    254 |    773 |   5354 |   7 | 1069.9 |
       Dungeon |   7220 |   6982 |    238 |    773 |   5119 |   6 | 1203.3 |
        Temple |    268 |    252 |     16 |      0 |    235 |   1 |  268.0 |
               +--------+--------+--------+--------+--------+-----+--------+

Top non-repeatable levels by time:
     D:1: 1903 daAuts
     D:5: 1721 daAuts
     D:3: 1307 daAuts
     D:4: 1116 daAuts
     D:2: 1101 daAuts
  Temple: 268 daAuts
     D:6: 69 daAuts

Table legend:
 A = Non-vault XP
 B = Vault XP
 C = Vault XP percentage of total XP
 D = Non-vault monster count
 E = Vault monster count
 F = Vault count percentage of total count
                 A         B        C        D         E       F
            +---------+---------+-------+---------+---------+-------
      Total |    1168 |     172 |  12.8 |     105 |      15 |  12.5
            +---------+---------+-------+---------+---------+-------
        D:1 |      35 |       0 |   0.0 |      22 |       0 |   0.0
        D:2 |      40 |       5 |  11.1 |      16 |       3 |  15.8
        D:3 |      65 |       0 |   0.0 |      21 |       0 |   0.0
        D:4 |     310 |     119 |  27.7 |      20 |       2 |   9.1
        D:5 |     710 |      48 |   6.3 |      25 |      10 |  28.6
        D:6 |       8 |       0 |   0.0 |       1 |       0 |   0.0
            +---------+---------+-------+---------+---------+-------
